Match 47260472
Unlisted

Match 47260472
End
Selects Airborne Battlegroup
Selects Heavy Machine Gun Paradrop
Heavy Machine Gun Paradrop
Construct Weapon Support Center
Bazooka Squad
Heavy Machine Gun Paradrop
Bazooka Squad
Infantry Support Center
Heavy Machine Gun Paradrop
M3 Armored Personnel Carrier
Selects Paratrooper Squad Paradrop
Advanced Logistics
Improved M9 Bazooka Rockets
Paratrooper Squad Paradrop
Selects Smoke Bombing Run
Selects Anti-tank Gun Team Paradrop
Paratrooper Squad Paradrop
Survival Training
Boneless
Ambro
squashy
Nele
0
0

Comments sign in to comment!

No comments posted yet!